Map: Ever Dream LE

Players

DisK

  • Race: Protoss Protoss
  • League: Master
  • Spawn Location: 1:00

MaSa - Winner!

  • Race: Terran Terran
  • League: Master
  • Spawn Location: 7:00

Event: DreamHack SC2 Masters 2020 Summer North America

VOD

Have the link to the VOD?

Description

Time

  • Played on: July 3, 2020, 4:26 p.m.
  • Length: 16:38

All games in this series

Show
View Real Time Build Order
Export as new Build Order

DisK Protoss 

Build Orders: 1 Gate Expand, Blink Stalkers 

Get SALT Encoding   

  12  0:00  Probe  
  13  0:12  Probe  
  14  0:17  Pylon  
  14  0:24  Probe  
  15  0:34  Probe  
  15  0:37  Gateway  
  15  0:42  Probe  
  16  0:49  Assimilator  
  17  0:52  Probe  
  18  1:04  Probe  
  19  1:16  Probe  
  20  1:24  Cybernetics Core  
  20  1:35  Nexus  
  20  1:42  Pylon  
  20  1:43  Probe  
  21  1:51  Adept  
  20  1:55  Probe, Assimilator  
  23  2:01  Warp Gate  
  23  2:08  Probe  
  24  2:18  Probe  
  24  2:21  Stalker  
  27  2:26  Probe  
  27  2:34  Probe  
  28  2:41  Twilight Council  
  29  2:46  Probe  
  29  2:48  Blink  
  30  2:52  Probe  
  30  2:54  Stalker  
  34  2:58  Probe  
  34  3:00  Probe  
  35  3:06  Gateway  
  35  3:10  Probe  
  36  3:14  Probe  
  37  3:22  Probe  
  37  3:27  Probe  
  39  3:34  Probe, Shield Battery  
  39  3:37  Robotics Facility  
  40  3:41  Probe  
  40  3:46  Probe, Pylon  
  40  3:49  Stalker  
  40  3:53  Probe  
  43  4:05  Stalker  
  43  4:07  Gateway  
  45  4:11  Pylon  
  45  4:17  Shield Battery  
  45  4:26  Nexus  
  45  4:28  Stalker  
  44  4:40  Stalker  
  44  4:43  Probe  
  44  4:44  Probe  
  46  4:53  Pylon  
  46  4:56  Probe x2  
  48  5:01  Gateway  
  48  5:04  Probe, Observer  
  48  5:05  Gateway  
  49  5:08  Probe  
  49  5:12  Forge  
  49  5:13  Probe  
  51  5:15  Sentry x2  
  56  5:21  Probe  
  56  5:23  Probe, Assimilator  
  56  5:25  Zealot  
  60  5:29  Charge  
  60  5:30  Observer  
  60  5:32  Pylon  
  61  5:37  Probe x2  
  61  5:38  Stalker  
  66  5:42  Probe, Pylon  
  66  5:51  Protoss Ground Weapons Level 1  
  66  5:54  Probe x2, Gateway, Observer  
  68  6:02  Gateway  
  68  6:07  Gateway  
  68  6:09  Probe  
  68  6:11  Probe  
  70  6:13  Probe  
  70  6:17  Immortal, Pylon  
  71  6:21  Probe  
  76  6:26  Probe  
  77  6:33  Probe  
  77  6:36  Shield Battery  
  77  6:37  Zealot  
  77  6:39  Zealot x2  
  84  6:46  Zealot x2  
  88  6:48  Shield Battery  
  88  6:50  Zealot  
  90  6:57  Zealot x2  
  90  7:01  Zealot x2  
  98  7:04  Pylon  
  98  7:08  Zealot x2  
  102  7:13  Zealot x2  
  106  7:18  Zealot  
  106  7:22  Pylon  
  108  7:24  Pylon  
  98  7:35  Zealot x3  
  98  7:36  Zealot x3  
  94  7:38  Probe x2  
  94  7:40  Probe  
  97  7:46  Protoss Ground Armor Level 1  
  97  7:51  Templar Archives  
  97  7:54  Assimilator  
  97  7:55  Assimilator, Observer  
  97  7:59  Cybernetics Core, Assimilator  
  97  8:02  Zealot x3  
  97  8:04  Probe  
  104  8:19  Zealot x4  
  112  8:31  Observer  
  102  8:37  Warp Prism  
  102  8:40  Stalker x7  
  110  8:44  Probe x3  
  115  8:57  Gateway  
  115  9:03  High Templar x4  
  115  9:04  Zealot x3  
  115  9:09  Archon x2  
  129  9:12  Pylon  
  129  9:16  Pylon  
  129  9:26  Probe  
  129  9:27  Probe  
  129  9:30  Psionic Storm  
  123  9:39  Pylon  
  123  9:43  Immortal  
  123  9:45  Forge  
  125  9:54  Zealot x4  
  125  9:56  Zealot x4  
  122  10:19  Zealot x8  
  112  10:27  Immortal  
  110  10:34  Gateway  
  108  10:39  High Templar x5  
  108  10:40  Zealot x2, High Templar  
  123  10:43  Archon x2  
  123  10:44  Observer  
  123  10:45  Archon  
  123  10:47  Probe x3  
  126  10:59  Probe x2, Pylon  
  126  11:00  Probe  
  129  11:07  Zealot x2, High Templar x2  
  129  11:08  Zealot x2  
  141  11:12  Archon  
  141  11:13  Zealot x2  
  141  11:14  Protoss Ground Weapons Level 2  
  144  11:28  High Templar x2  
  144  11:29  Zealot x2  
  152  11:38  Nexus  
  152  11:39  Warp Prism, Pylon  
  150  11:40  Zealot  
  150  11:41  Zealot  
  146  11:56  Zealot x5  
  152  12:04  Stalker x2  
  152  12:06  Stalker  
  158  12:14  Zealot  
  158  12:15  Protoss Ground Armor Level 2  
  156  12:24  Zealot x4  
  156  12:26  Zealot  
  136  12:38  Zealot x2  
  136  12:39  Zealot x2  
  134  13:01  Zealot x9  
  149  13:10  Probe x2, Photon Cannon  
  144  13:18  Probe  
  145  13:22  Probe x2  
  145  13:25  Probe  
  148  13:28  High Templar x3  
  137  13:34  Observer  
  137  13:39  Probe x3  
  138  13:41  Stalker x2  
  138  13:47  Observer  
  142  13:49  Probe  
  142  13:50  Observer  
  142  13:51  Probe x3  
  142  13:53  Robotics Bay  
  146  14:01  Probe  
  146  14:02  Assimilator  
  148  14:03  Assimilator  
  148  14:08  Pylon  
  146  14:12  Stalker x2  
  146  14:16  Pylon  
  150  14:22  High Templar x2  
  150  14:23  Zealot x4  
  160  14:26  Archon  
  160  14:28  Probe x2  
  162  14:32  High Templar  
  164  14:40  Zealot x2  
  167  14:49  Zealot x4  
  169  14:57  Zealot x2  
  159  15:11  Archon  
  159  15:13  Zealot x7  
  162  15:16  Probe x3  
  162  15:20  Zealot  
  146  15:21  Zealot  
  120  15:41  Zealot  
  120  15:42  Zealot x4  
  106  15:44  Probe x2  
Show
View Real Time Build Order
Export as new Build Order

MaSa Terran - Winner!

Build Orders:  

Get SALT Encoding   

  12  0:00  SCV  
  13  0:12  SCV  
  14  0:16  Supply Depot  
  14  0:24  SCV  
  15  0:38  SCV  
  15  0:39  Barracks  
  15  0:42  Refinery  
  16  0:50  SCV  
  17  1:02  SCV  
  18  1:14  SCV  
  19  1:26  Orbital Command, Marine  
  20  1:38  Command Center  
  20  1:44  Barracks Reactor  
  20  1:53  SCV  
  21  1:55  Supply Depot  
  21  2:03  Factory  
  21  2:06  SCV  
  22  2:16  Bunker  
  22  2:18  SCV  
  22  2:19  Marine  
  22  2:22  Marine  
  25  2:26  Refinery  
  25  2:30  SCV  
  26  2:42  SCV  
  27  2:49  Starport  
  27  2:51  Orbital Command  
  27  2:55  SCV  
  28  3:01  Hellion  
  31  3:05  Hellion  
  31  3:07  SCV  
  31  3:10  Barracks Tech Lab  
  32  3:16  SCV  
  34  3:22  Hellion  
  34  3:27  Hellion  
  37  3:29  Medivac  
  37  3:30  SCV  
  40  3:40  SCV  
  42  3:46  SCV  
  42  3:49  Supply Depot  
  42  3:52  SCV  
  42  3:54  Marine  
  42  3:55  Marine  
  45  4:01  Starport Tech Lab  
  45  4:05  Barracks  
  45  4:07  Barracks  
  45  4:08  SCV  
  46  4:11  SCV, Siege Tank  
  46  4:13  Supply Depot  
  46  4:15  Marine  
  51  4:20  SCV  
  52  4:24  Marine  
  52  4:26  Starport Tech Lab  
  52  4:30  SCV  
  54  4:34  SCV, Marine  
  52  4:42  SCV  
  53  4:46  SCV, Siege Tank  
  53  4:50  Starport Reactor  
  53  4:52  Supply Depot, Engineering Bay, Marine x2  
  58  4:54  SCV  
  58  4:59  Refinery  
  60  5:01  Combat Shield, Stimpack  
  60  5:03  Marauder  
  62  5:11  Refinery  
  62  5:13  SCV, Marine  
  62  5:14  Supply Depot, Marauder  
  66  5:16  SCV  
  67  5:25  SCV, Supply Depot  
  67  5:27  Terran Infantry Weapons Level 1, Factory Reactor  
  68  5:29  SCV  
  68  5:33  Supply Depot  
  69  5:36  Marauder x2, Marine x2  
  69  5:40  SCV  
  76  5:43  SCV, Supply Depot  
  76  5:47  Medivac  
  79  5:52  Medivac  
  79  5:54  SCV, Marine x2  
  84  6:00  Marauder  
  84  6:03  Marauder  
  88  6:04  Supply Depot  
  88  6:06  Widow Mine  
  88  6:08  Widow Mine  
  88  6:09  SCV  
  88  6:11  SCV  
  94  6:16  Marine x2  
  94  6:18  Supply Depot  
  96  6:19  Medivac  
  96  6:22  Medivac  
  96  6:24  SCV  
  101  6:29  SCV  
  100  6:34  Marauder  
  100  6:35  Concussive Shells, Marauder  
  104  6:42  Supply Depot  
  104  6:46  Supply Depot  
  104  6:47  Widow Mine x2  
  104  6:49  Marine x2  
  104  6:50  SCV x2  
  112  6:57  Marauder  
  114  7:09  Command Center  
  113  7:16  SCV  
  113  7:17  Marine  
  113  7:18  Marauder, Marine  
  113  7:20  Widow Mine  
  113  7:21  Terran Infantry Armor Level 1  
  111  7:31  SCV  
  111  7:33  Marauder, Widow Mine  
  111  7:35  Marine x2  
  98  7:37  Medivac  
  98  7:40  Marauder  
  98  7:41  SCV  
  98  7:43  SCV  
  102  7:46  Barracks  
  102  7:47  Barracks  
  102  7:55  SCV x2  
  102  7:57  Supply Depot  
  104  8:02  Marauder, Marine x2  
  104  8:04  Marauder  
  110  8:08  SCV x2, Ghost Academy  
  110  8:10  Widow Mine  
  110  8:11  Widow Mine  
  119  8:20  SCV  
  119  8:21  Liberator x2  
  119  8:24  Marauder  
  124  8:31  Marauder, Marine  
  120  8:37  Widow Mine x2  
  120  8:39  SCV  
  120  8:40  SCV  
  118  8:43  Orbital Command  
  118  8:46  Barracks Reactor  
  118  8:47  Refinery x2  
  120  8:50  Marine x2  
  120  8:51  Enhanced Shockwaves  
  120  8:52  Ghost x2  
  120  8:55  Ghost  
  126  8:58  Widow Mine  
  126  8:59  SCV, Widow Mine  
  126  9:00  SCV  
  132  9:07  Liberator  
  132  9:09  SCV  
  136  9:11  SCV  
  136  9:12  SCV, Supply Depot, Marine x2  
  139  9:21  Marine  
  139  9:22  SCV, Marauder  
  139  9:23  SCV  
  139  9:24  Marine x2  
  142  9:25  Marauder, Widow Mine x2  
  142  9:28  SCV  
  147  9:32  Supply Depot  
  147  9:34  SCV, Supply Depot  
  147  9:35  SCV  
  145  9:40  Marauder  
  145  9:43  Marauder  
  149  9:46  Marauder, Marine x3  
  149  9:51  Command Center  
  154  9:55  Widow Mine x2  
  154  9:59  Marine  
  159  10:00  Ghost  
  159  10:05  Marauder  
  153  10:20  Marauder, Marine x2  
  143  10:24  SCV  
  143  10:25  SCV x2  
  143  10:26  Marauder  
  142  10:31  Armory, Supply Depot  
  142  10:32  Supply Depot  
  142  10:33  Engineering Bay  
  138  10:36  SCV  
  138  10:40  SCV  
  138  10:41  SCV  
  141  10:43  Supply Depot  
  141  10:46  Marauder x2, Marine x3  
  141  10:47  Marauder  
  141  10:49  SCV  
  151  10:54  Barracks  
  151  10:56  SCV, Barracks  
  150  10:57  Barracks  
  150  11:03  Widow Mine  
  150  11:04  Widow Mine  
  154  11:10  SCV x2  
  156  11:11  Marine x2  
  156  11:12  Marauder x2  
  162  11:20  Medivac x2  
  162  11:25  Marauder, Marine  
  169  11:29  Marine x2  
  171  11:33  Marauder  
  171  11:42  Terran Infantry Armor Level 2, Terran Infantry Weapons Level 2  
  171  11:44  Terran Ship Weapons Level 1  
  168  11:54  Marauder x2, Marine x2, Barracks Tech Lab  
  168  11:55  Barracks Reactor  
  173  12:12  Ghost x2  
  177  12:17  Ghost x2  
  178  12:25  Marine x2  
  178  12:27  Marine  
  154  12:40  Ghost  
  154  12:41  Ghost  
  154  12:42  Marine x2  
  141  12:44  Widow Mine x2  
  141  12:47  Marauder x2  
  141  12:50  Marine x4  
  143  12:56  Marine  
  134  13:05  Marine  
  134  13:06  Marine  
  134  13:08  Marauder x2, Marine  
  134  13:09  Ghost  
  134  13:10  Marauder  
  137  13:14  SCV  
  137  13:15  SCV  
  139  13:23  SCV  
  139  13:27  SCV  
  141  13:29  Marauder, Marine  
  141  13:30  Marauder  
  141  13:31  Marauder  
  148  13:36  SCV x2  
  148  13:38  Marauder  
  148  13:39  SCV  
  153  13:46  Widow Mine x2, Marine  
  154  13:51  Marauder x2  
  158  13:57  Planetary Fortress  
  158  14:07  Widow Mine x2  
  158  14:09  Medivac x2, Marine  
  169  14:10  Marauder, Marine  
  169  14:11  Marine x2  
  169  14:12  Marine  
  169  14:17  Marauder x2, Marine x2  
  175  14:25  Marauder  
  175  14:27  Marine  
  175  14:28  Marine  
  175  14:30  Marine x3  
  184  14:31  Marauder  
  184  14:34  Marine  
  184  14:35  Marine  
  184  14:38  Marine  
  187  14:39  Medivac x2, Marauder  
  187  14:45  Marine x2  
  194  14:46  Marauder  
  194  14:47  Marine  
  194  14:48  Marine  
  199  14:53  Marine  
  197  15:11  Marauder x2, Marine x3  
  171  15:25  Marine x3  
  171  15:26  Marauder  
  171  15:30  SCV x3  
  170  15:37  Marauder x2, Marine x2  
  170  15:39  Marauder, Marine  
  170  15:41  Medivac x2  
  164  15:43  Marine  
  164  15:44  Marine x2, Barracks Tech Lab  
  164  15:45  Command Center  
  164  15:47  Marauder  
  167  15:54  Marine  
  167  15:55  Marine  
  167  15:58  Ghost, Marauder  
  167  16:00  Ghost  
Tags
 
Add a new tag
Caveats
  • Supply blocks, unpowered buildings, or Contaminate may cause inaccurate times.
  • Supply counts are checked every 10 seconds.